 Dungeon Crawl Stone Soup version bcrawl-1.32 (webtiles) character file.

Game seed: 10979483528353639704

182813 Morbidden the Ducker (level 6, 0/69 HPs)
             Began as a Demonspawn Archaeologist on June 22, 2021.
             Slain by an orc
             ... wielding a +0 mace
              (5 damage)
             ... on level 4 of the Dungeon.
             The game lasted 00:04:19 (3017 turns).

Morbidden the Ducker (Demonspawn Archaeologist)     Turns: 3017, Time: 00:04:20

Health: 0/69       AC: 23    Str: 17 (19) XL:     6   Next: 28%
Magic:  6/6        EV:  1    Int: 14 (15) God:
Gold:   1375       SH:  2    Dex: 13 (14) Spells: 3/6 levels left

rFire    . . .     SeeInvis .   a - +4 short sword
rCold    . . .     Gourm    .   v - +0 buckler
rNeg     + + +     Faith    .   (armour currently unavailable)
rPois    +         Spirit   .   (helmet currently unavailable)
rElec    .         Reflect  .   (cloak currently unavailable)
rCorr    .         Harm     .   (gloves currently unavailable)
MR       .....     NoTele   +   (boots currently unavailable)
Stlth    +++.......             (no amulet)
HPRegen  0.21/turn              h - +3 ring of dexterity
MPRegen  0.10/turn              (no ring)

@: mighty, tree-form
A: giant, nightstalker 1
a: no special abilities


You were on level 4 of the Dungeon.
You were not hungry.
You were a tree.
You visited 1 branch of the dungeon, and saw 4 of its levels.

You collected 1375 gold pieces.

Inventory:

Hand Weapons
 a - a +4 short sword (weapon)
 b - a +0 blowgun
 o - a +0 hunting sling
Missiles
 f - 6 curare-tipped needles
 u - 112 poisoned needles
 x - 39 needles of confusion
Armour
 c - a +1 robe (melded)
 d - a +1 hat (melded)
 j - a +1 pair of boots (melded)
 v - a +0 buckler (worn)
Jewellery
 h - a +3 ring of dexterity (left branch)
Scrolls
 g - a scroll of magic mapping
 i - 2 scrolls of identify
 k - 3 scrolls of blinking {unknown}
 l - 7 scrolls of remove curse {unknown}
 m - a scroll of immolation {unknown}
 q - 5 scrolls of teleportation {unknown}
 r - a scroll of amnesia {unknown}
Potions
 p - a potion of might
 s - a potion of degeneration
 y - a potion of cancellation {unknown}
 z - a potion of ambrosia {unknown}
 A - a potion of resistance {unknown}
 B - a potion of brilliance {unknown}
 C - a potion of invisibility {unknown}
 D - a potion of heal wounds {unknown}
 E - a potion of flight {unknown}
Comestibles
 e - 8 rations {!d}
 w - a chunk of flesh


   Skills:
 * Level 2.7 Fighting
 + Level 2.3 Short Blades
   Level 0.8 Maces & Flails
 * Level 4.1 Dodging
 + Level 4.0 Stealth
 * Level 1.4 Shields
 * Level 0.5 Spellcasting
 * Level 0.7 Conjurations


You had 3 spell levels left.
You knew the following spells:

 Your Spells              Type           Power        Failure   Level  Hunger
a - Magic Dart            Conj           #...         43%         1    None
b - Searing Ray           Conj           #.......     58%         2    ###....

Your spell library contained the following spells:

 Spells                   Type           Power        Failure   Level  Hunger
 Iskenderun's Mystic Bla  Conj           #.......     82%         3    #####..
 Fulminant Prism          Conj/Hex       #.........   99%         4    ######.
 Irradiate                Conj/Tmut      #.........   100%        5    #######


Dungeon Overview and Level Annotations

Branches:
Dungeon (4/12)
 Temple: D:4-7

Altars:
Fedhas

Annotations:
D:3 2 transporters, exclusion: phantom, cirnu's ghost, amateur DsCK


Innate Abilities, Weirdness & Mutations

((You have large cloven feet.))
You are slightly more attuned to the shadows.
((You are partially covered in sharp spines.))


Message History

The orc wizard is severely wounded.
The orc hits you but does no damage.
The orc wizard miscasts a cantrip.
Unknown command.
Unknown command.
Okay, then.
It was a potion of curing.
You feel better.
The orc wizard points at you and mumbles some strange words.
The magic dart hits you.
* * * LOW HITPOINT WARNING * * *
The orc hits you but does no damage.
Unknown command.
Unknown command.
You hit the orc wizard.
The orc wizard is almost dead.
The orc wizard casts a spell at you. The puff of flame hits you!
* * * LOW HITPOINT WARNING * * *
The orc hits you with a +0 mace.
You die...

#.#.. ..# .#.... ..#
..?.. ..# #... ..#
#.....# # #.)#.# #.
#.o♣o# #.###....##
.........#
######.##.?..#
#.......)....#
#######...........##
......'..........>#
###...#.........###
#...#.........#


You could see an orc wizard and an orc.

Vanquished Creatures
  A scorpion (D:2)
  A hound (D:3)
  2 orc priests (D:4)
  An iguana (D:2)
  A worker ant (D:4)
  4 adders
  An ooze (D:1)
  3 worms
  5 leopard geckos
  3 orcs
  3 ball pythons
  10 bats
  14 giant cockroaches
  11 goblins
  12 hobgoblins
  2 quokkas (D:2)
  3 frilled lizards
  9 kobolds
  4 rats
90 creatures vanquished.

Notes
Turn   | Place    | Note
-------+----------+-------------------------------------------
     0 | D:1      | Morbidden the Demonspawn Archaeologist began the quest for
                  | the Orb.
     0 | D:1      | Reached XP level 1. HP: 15/15 MP: 1/1
   176 | D:1      | Gained mutation: You are partially covered in sharp spines.
                  | [demonic ancestry]
   176 | D:1      | Reached XP level 2. HP: 21/21 MP: 2/2
   505 | D:1      | Reached XP level 3. HP: 26/26 MP: 3/3
  1617 | D:2      | Noticed a scorpion
  1634 | D:2      | Gained mutation: You are slightly more attuned to the
                  | shadows. [demonic ancestry]
  1634 | D:2      | Reached XP level 4. HP: 31/33 MP: 4/4
  1648 | D:2      | Reached skill level 1 in Short Blades
  1820 | D:2      | Reached skill level 1 in Shields
  1820 | D:2      | Gained mutation: You have large cloven feet. [demonic
                  | ancestry]
  1820 | D:2      | Reached XP level 5. HP: 38/38 MP: 5/5
  1820 | D:2      | Identified a scroll of acquirement
  1820 | D:2      | Identified the +2 hat "Pedan" {rElec rC+ Str+4 Dex-3} (You
                  | acquired it on level 2 of the Dungeon)
  1820 | D:2      | Identified the ring "Wisodi" {-Tele rN+ AC+2 Str+5} (You
                  | acquired it on level 2 of the Dungeon)
  2064 | D:3      | Found a blossoming altar of Fedhas.
  2195 | D:3      | Noticed a phantom
  2344 | D:3      | Learned a level 1 spell: Magic Dart
  2354 | D:3      | Found a transporter.
  2357 | D:3      | Found a transporter.
  2359 | D:3      | Noticed cirnu's ghost (amateur DsCK)
  2400 | D:3      | Learned a level 2 spell: Searing Ray
  2835 | D:4      | Reached XP level 6. HP: 22/46 MP: 6/6
  3014 | D:4      | HP: 3/69 [poisoned by an orc]
  3017 | D:4      | Slain by an orc

Skill      XL: |  1  2  3  4  5  6 |
---------------+-------------------+-----
Dodging        | 3 4 |  4.1
Fighting       | 2 |  2.7
Short Blades   | 1 2 |  2.3
Shields        | 1 |  1.4
Stealth        | 4 |  4.0
Maces & Flails | |  0.8
Spellcasting   | |  0.5
Conjurations   | |  0.7

Action                   |  1- 3 |  4- 6 || total
-------------------------+-------+-------++-------
Melee: Whip              |    11 |       ||    11
       Dagger            |    45 |       ||    45
       Short sword       |    48 |    88 ||   136
 Fire: Blowgun           |       |     2 ||     2
  Use: Scroll            |     1 |     3 ||     4
       Potion            |       |     4 ||     4
 Stab: Sleeping          |    10 |     9 ||    19
  Eat: Chunk             |     4 |     4 ||     8
       Ration            |       |     1 ||     1
Armor: Robe              |    36 |    16 ||    52
       Skin              |       |     3 ||     3
Dodge: Dodged            |    47 |    34 ||    81
Block: Buckler           |     8 |    15 ||    23
